 Dungeon Crawl Stone Soup version 0.16.2-12-gd0ad4c3 (webtiles) character file.

209 Inchmeat the Firebug (level 5, 0/28 HPs)
             Began as a Deep Elf Fire Elementalist on Oct 7, 2015.
             Killed from afar by a sheep (28 damage)
             ... with an exploding inner flame
             ... on level 3 of the Dungeon.
             The game lasted 00:08:03 (3186 turns).

Inchmeat the Firebug (Deep Elf Fire Elementalist)   Turns: 3186, Time: 00:08:05

Health: 0/28       AC:  2    Str:  7    XL:     5   Next: 55%
Magic:  9/16       EV: 13    Int: 21    God:
Gold:   140        SH:  0    Dex: 15    Spells: 3 memorised, 2 levels left

rFire  . . .     SeeInvis .     (no weapon)
rCold  . . .     Clarity  .     a - +0 robe
rNeg   . . .     SustAb   .     (no shield)
rPois  .         Gourm    .     (no helmet)
rElec  .         Spirit   .     (no cloak)
rCorr  .         Warding  .     (no gloves)
rMut   .         Stasis   .     (no boots)
MR     .....                    (no amulet)
Stlth  ++........               l - +4 ring of strength
                                h - -2 ring of strength (curse)

@: not resistant to hostile enchantments, unstealthy
A: no striking features
a: no special abilities


You were on level 3 of the Dungeon.
You were not hungry.

You visited 1 branch of the dungeon, and saw 3 of its levels.

You collected 140 gold pieces.

Inventory:

Armour
 a - a +0 robe (worn)
Jewellery
 d - an uncursed ring of teleport control {unknown}
 e - an uncursed ring of ice
 h - a cursed -2 ring of strength (left hand)
 l - a +4 ring of strength (right hand)
Scrolls
 f - a scroll of teleportation
 k - a scroll of fear
Potions
 g - a potion of heal wounds {unknown}
 j - a potion of lignification {unknown}
 m - a potion of brilliance {unknown}
 n - a potion of ambrosia {unknown}
 o - a potion of agility {unknown}
Books
 b - a book of Flames

   Spells                             Type                      Level
   a - Flame Tongue                   Conjuration/Fire             1
   b - Throw Flame                    Conjuration/Fire             2
   c - Conjure Flame                  Conjuration/Fire             3
   d - Inner Flame                    Hexes/Fire                   3
   e - Sticky Flame                   Conjuration/Fire             4
   f - Fireball                       Conjuration/Fire             5
Comestibles
 c - a bread ration
 i - 3 meat rations


   Skills:
 + Level 0.4 Fighting
 - Level 2.4 Dodging
 - Level 2.4 Stealth
 - Level 3.0 Spellcasting
 * Level 3.9 Conjurations
 + Level 5.5 Fire Magic


You had 2 spell levels left.
You knew the following spells:

 Your Spells              Type           Power        Failure   Level  Hunger
a - Flame Tongue          Conj/Fire      ###..        1%          1    None
b - Conjure Flame         Conj/Fire      ###.....     6%          3    ###....
c - Sticky Flame          Conj/Fire      ###.....     21%         4    ####...


Dungeon Overview and Level Annotations

Branches:
Dungeon (3/15)

Altars:
Xom


Message History

Aiming: Flame Tongue
Press: ? - help, Shift-Dir - straight line, f - sheep
Aim: a sheep (covered in liquid flames, fleeing, inner flame)
The flame tongue hits the sheep.
The sheep is heavily wounded.
Your attack snaps the sheep out of its fear.
The sheep bellows! x2
The sheep burns! x5
Casting: Flame Tongue
Confirm with . or Enter, or press ? or * to list all spells.
Aiming: Flame Tongue
Press: ? - help, Shift-Dir - straight line, f/p - sheep
Aim: a sheep (severely wounded, covered in liquid flames, inner flame)
The flame tongue hits the sheep.
The sheep is severely wounded.
The sheep burns! x2
The sheep explodes!
The fiery explosion engulfs you!
Ouch! That really hurt!
You die...

#. #.# .. #. #.## #
#..######.### #............. .
#....@§)..#...# #####.
#...§§§...#.#..# #......
#...§§§...#.K.... #......
#..Y._....#.......### #.....#
#....Y....#..........#
#.....#####..Y..Y........... #o.
#...........................# #
#.....####...........###########
#.....#######..###..........o...


You could see 4 sheep.

Vanquished Creatures
  2 orc priests (D:3)
  An orc wizard (D:3)
  Ijyb (D:2)
  Terence (D:2)
  4 adders (D:3)
  A giant gecko (D:1)
  2 orcs (D:3)
  9 bats
  5 giant cockroaches
  9 goblins
  2 hobgoblins
  A quokka (D:3)
  A ball python (D:2)
  3 giant newts
  6 kobolds
  6 rats
54 creatures vanquished.

Vanquished Creatures (others)
  A bat (D:3)
1 creature vanquished.

Grand Total: 55 creatures vanquished

Notes
Turn   | Place    | Note
--------------------------------------------------------------
     0 | D:1      | Inchmeat, the Deep Elf Fire Elementalist, began the quest for the Orb.
     0 | D:1      | Reached XP level 1. HP: 10/10 MP: 5/5
   498 | D:1      | Reached XP level 2. HP: 15/15 MP: 6/8
   667 | D:1      | Reached skill level 4 in Fire Magic
  1352 | D:2      | Reached XP level 3. HP: 19/19 MP: 7/10
  1750 | D:2      | Noticed Terence
  1842 | D:2      | Killed Terence
  1843 | D:2      | Noticed Ijyb
  2151 | D:3      | Reached XP level 4. HP: 21/24 MP: 10/13
  2185 | D:3      | Learned a level 3 spell: Conjure Flame
  2197 | D:3      | Reached skill level 5 in Fire Magic
  2572 | D:2      | Learned a level 4 spell: Sticky Flame
  2606 | D:2      | Killed Ijyb
  2606 | D:2      | Reached XP level 5. HP: 28/28 MP: 0/16
  3184 | D:3      | Found a shimmering altar of Xom.
  3186 | D:3      | Killed from afar by a sheep

Action                   |  1- 3 |  4- 6 || total
-------------------------+-------+-------++-------
Melee: Unarmed           |     2 |     2 ||     4
 Cast: Flame Tongue      |    69 |    43 ||   112
       Conjure Flame     |       |     3 ||     3
  Use: Scroll            |     6 |       ||     6
  Eat: Chunk             |     1 |       ||     1
       Meat ration       |     1 |       ||     1
       Bread ration      |       |     1 ||     1
